 Dungeon Crawl Stone Soup version 0.27.1-33-g824d729ab1 (webtiles) character file.

Game seed: 6852526439885797518

2113 austinbyrn the Covered (level 9, -2/85 HPs)
             Began as a Gargoyle Fighter on Dec 10, 2021.
             Was an Initiate of Okawaru.
             Slain by a wight (6 damage)
             ... on level 7 of the Dungeon.
             The game lasted 00:24:12 (9088 turns).

austinbyrn the Covered (Gargoyle Fighter)           Turns: 9088, Time: 00:24:12

Health: -2/85      AC: 24    Str: 24    XL:     9   Next: 29%
Magic:  9/9        EV:  2    Int:  6    God:    Okawaru [......]
Gold:   279        SH: 12    Dex:  9    Spells: 8/8 levels left

rFire    . . .     SeeInvis .   l - +1 whip (vamp)
rCold    . . .     Faith    .   c - +1 kite shield
rNeg     + + +     Spirit   .   (armour currently unavailable)
rPois    ∞         Reflect  .   (helmet currently unavailable)
rElec    .         Harm     .   (cloak currently unavailable)
rCorr    .         Rampage  .   (gloves currently unavailable)
Will     .....     NoTele   +   (boots currently unavailable)
Stlth    +.........             (no amulet)
HPRegen  0.24/turn              (no ring)
MPRegen  0.11/turn              (no ring)

@: tree-form, hasted, very quick
A: stationary, stasis, torment immunity, boosted hp, sickness immunity, AC +6,
negative energy resistance 1, (electricity resistance), torment resistance 1,
petrification resistance, (iridescent scales 1), dopey 1
a: Renounce Religion


You were on level 7 of the Dungeon.
You worshipped Okawaru.
Okawaru was noncommittal.
You were a tree.
You visited 2 branches of the dungeon, and saw 8 of its levels.
You also visited: Ossuary.

You collected 279 gold pieces.

Inventory:

Hand Weapons
 l - a +1 vampiric whip (weapon)
Missiles
 f - 12 javelins
 h - 58 poisoned darts (quivered)
 n - 3 throwing nets
Armour
 b - a +0 scale mail (melded)
 c - a +1 kite shield (worn)
 d - a +0 pair of boots (melded)
 j - a +2 pair of gloves (melded)
 m - a +0 cloak (melded)
 B - a +0 helmet (melded)
Wands
 k - a wand of digging (2)
 o - a wand of flame (23)
 q - a wand of iceblast (4)
 C - a wand of mindburst (13)
Scrolls
 e - 3 scrolls of identify {unknown}
 i - 2 scrolls of teleportation
 t - a scroll of enchant armour
 w - a scroll of blinking {unknown}
 y - 2 scrolls of brand weapon {unknown}
 A - 2 scrolls of fear {unknown}
 D - 2 scrolls of magic mapping {unknown}
Potions
 a - 2 potions of flight {unknown}
 g - 7 potions of curing {unknown}
 p - 2 potions of cancellation {unknown}
 r - 4 potions of attraction {unknown}
 s - 4 potions of heal wounds {unknown}
 u - a potion of haste
 v - a potion of invisibility {unknown}
 z - a potion of mutation


   Skills:
 + Level 7.3 Fighting
 + Level 6.2 Maces & Flails
 + Level 7.4 Armour
 + Level 7.3 Shields


You had 8 spell levels left.
You didn't know any spells.
Your spell library contained the following spells:

 Spells                   Type           Power      Damage    Failure   Level
 Sting                    Tmut/Pois      0%         1d3       80%         1
 Corpse Rot               Necr/Air       N/A        N/A       90%         2
 Poisonous Vapours        Pois/Air       0%         N/A       90%         2
 Olgreb's Toxic Radiance  Pois           0%         N/A       100%        4
 Freezing Cloud           Conj/Ice/Air   0%         6-21      100%        5


Dungeon Overview and Level Annotations

Branches:
Dungeon (7/15)             Temple (1/1) D:7         Ossuary (visited)

Altars:
Ashenzari
Cheibriados
Dithmenos
Fedhas
Gozag
Hepliaklqana
Nemelex Xobeh
Okawaru
Qazlal
Ru
Sif Muna
Trog
Uskayaw
Wu Jian
Yredelemnul
The Shining One

Shops:
D:4 (


Innate Abilities, Weirdness & Mutations

You are a tree.
Your roots penetrate the ground, keeping you stationary.
You cannot be teleported.
You are immune to unholy pain and torment.
Your maximum health is greatly increased.
Your equipment is partially melded.
You are immune to sickness and miasma.
((Your stone body is resilient. (AC +6)))
You are immune to poison.
You resist negative energy. (rN+)
((You are resistant to electric shocks. (rElec)))
You are resistant to unholy torment.
You are immune to petrification.
((You are partially covered in iridescent scales. (AC +2)))
You are dopey. (Int -2)


Message History

You barely miss the wight. The wight hits you but does no damage.
The wight hits you from afar with a +5 halberd!
* * * LOW HITPOINT WARNING * * *
You barely miss the wight. The wight hits you with a +3 dagger.
* * * LOW HITPOINT WARNING * * *
You block the wight's attack.
The wight hits you with a +5 short sword.
* * * LOW HITPOINT WARNING * * *
The wight hits you from afar with a +5 halberd.
* * * LOW HITPOINT WARNING * * *
As you read the scroll labelled NEMUT PUKANO, it crumbles to dust.
It is a scroll of enchant armour.
Your +0 kite shield glows green for a moment.
You block the wight's attack. The wight hits you with a +0 hand axe.
* * * LOW HITPOINT WARNING * * *
As you read the scroll labelled VUIBRI ZASSOYSM, it crumbles to dust.
You feel a strange sense of stasis.
It was a scroll of teleportation.
The wight hits you but does no damage. You block the wight's attack.
You whack the wight!
The wight is almost destroyed.
You block the wight's attack. x2
You completely miss the wight.
The wight is almost destroyed.
The wight hits you but does no damage. x3
You closely miss the wight.
The wight is almost destroyed.
You block the wight's attack. x2
The wight hits you from afar with a +5 halberd.
* * * LOW HITPOINT WARNING * * *
You closely miss the wight.
The wight is almost destroyed.
The wight hits you but does no damage. x2
You barely miss the wight.
The wight is almost destroyed.
You block the wight's attack. The wight hits you but does no damage.
You closely miss the wight.
The wight is almost destroyed.
The wight hits you but does no damage. x2
The wight hits you with a +5 short sword.
You die...

####################
#...##.....z#......#
##...#......♣z.......
#...........z#z......
#.#..#.#+#####.......
#.#..#.#.# .......
#.#..#.#.# .......
#.#..#.#.# .......
#.#....#.# .......
#### #.#.####.#
....... +...
#........# ####


You could see 4 wights.

Vanquished Creatures
  Sigmund (D:6)
  Edmund (D:6)
  A water moccasin (D:7)
  2 black bears
  3 ogres
  A sky beast (D:5)
  A phantom (D:7)
  A kobold brigand (D:7)
  A wight (D:7)
  3 howler monkeys (D:7)
  3 centaur zombies
  A bullfrog zombie (D:6)
  A human zombie (Ossuary)
  A jelly (D:4)
  2 centaur skeletons (D:4)
  2 orc priests
  2 hounds
  2 iguanas
  8 orc wizards
  5 mummies (Ossuary)
  3 gnolls (D:5)
  4 adders
  An ufetubus (D:5)
  A worm (D:2)
  2 dart slugs
  30 orcs
  3 ball pythons
  8 endoplasms
  3 giant cockroaches
  10 hobgoblins
  14 jackals
  12 kobolds
  4 quokkas
  4 bats
  4 frilled lizards
  8 goblins
  A goblin zombie (Ossuary)
  2 hobgoblin zombies (Ossuary)
  2 kobold zombies (Ossuary)
  10 rats
168 creatures vanquished.

Vanquished Creatures (others)
  10 plants
10 creatures vanquished.

Grand Total: 178 creatures vanquished

Notes
Turn   | Place    | Note
-------+----------+-------------------------------------------
     0 | D:1      | austinbyrn the Gargoyle Fighter began the quest for the
                  | Orb.
     0 | D:1      | Reached XP level 1. HP: 14/14 MP: 1/1
   424 | D:1      | Reached XP level 2. HP: 19/19 MP: 2/2
   480 | D:1      | Found a faded altar of an unknown god.
   991 | D:1      | Reached XP level 3. HP: 17/23 MP: 3/3
  1880 | D:2      | Reached XP level 4. HP: 29/29 MP: 4/4
  2292 | D:3      | Found a bloodstained altar of Trog.
  2519 | D:3      | Noticed a black bear
  2563 | D:3      | Killed a black bear
  2564 | D:3      | Reached XP level 5. HP: 23/34 MP: 5/5
  2849 | D:3      | Found a basalt altar of Yredelemnul.
  3073 | D:4      | Noticed an ogre
  3093 | D:4      | Reached XP level 6. HP: 39/39 MP: 6/6
  3113 | D:3      | Gained mutation: You are dopey. (Int -2) [potion of
                  | mutation]
  3113 | D:3      | Gained mutation: You are partially covered in iridescent
                  | scales. (AC +2) [potion of mutation]
  4583 | D:4      | Reached skill level 5 in Fighting
  4583 | D:4      | Reached skill level 5 in Armour
  4583 | D:4      | Reached skill level 5 in Shields
  4583 | D:4      | Reached XP level 7. HP: 44/44 MP: 7/7
  5481 | D:4      | Found Weheojiz's Weapon Shop.
  5524 | D:5      | Entered Level 5 of the Dungeon
  5792 | D:5      | Found an opulent altar of Gozag.
  5792 | D:5      | Found an ornate altar of the Wu Jian Council.
  6247 | D:5      | Reached XP level 8. HP: 51/51 MP: 8/8
  6584 | D:6      | Found a sand-covered staircase.
  6591 | Ossuary  | Entered an ossuary
  7121 | Ossuary  | Reached skill level 5 in Maces & Flails
  7575 | D:6      | Noticed Sigmund
  7587 | D:6      | Killed Sigmund
  7740 | D:6      | Found a hazy altar of Hepliaklqana.
  7849 | D:6      | Noticed Edmund
  7904 | D:6      | Killed Edmund
  8015 | D:6      | Identified the +10 hand axe of Calculation {venom, rPois
                  | rF- MP+9 Dex+5}
  8481 | D:7      | Reached XP level 9. HP: 56/56 MP: 9/9
  8551 | D:7      | Found a staircase to the Ecumenical Temple.
  8625 | Temple   | Entered the Ecumenical Temple
  8667 | Temple   | Became a worshipper of Warmaster Okawaru
  9085 | D:7      | HP: 3/85 [wight (4)]
  9088 | D:7      | Slain by a wight

Illustrated notes

Levels and vault maps discovered:
D:1:      roderic_chinese_lattice_arrival, layout_loops_corners,
          hellmonk_ecumenical_altar_dog_temple
D:2:      layout_rooms, serial_forest, infiniplex_forest_split,
          infiniplex_forest_lined_3, infiniplex_forest_end_2,
          infiniplex_forest_lined_4_way, infiniplex_forest_corner_2,
          infiniplex_forest_clump_small, infiniplex_forest_clump_curved,
          infiniplex_forest_lined_2, infiniplex_forest_clump_small,
          infiniplex_forest_end_3, kennysheep_another_room
D:3:      layout_rooms, lemuel_round_altar, trog_three_pillars_becter
D:4:      corexii_shack_village, layout_cave_pools, serial_shops,
          nicolae_lakefront_shop, serial_co_window_serial,
          co_window_of_opportunity_a, co_window_of_opportunity_a,
          co_window_paths_b, co_window_of_opportunity_a, co_window_paths_a,
          co_window_paths_a, co_window_broadway_a, co_window_broadway_c,
          co_window_broadway_a, co_window_broadway_a, co_window_corner_cb,
          co_window_4corner_b, co_window_paths_d, glass_columns_a,
          glass_columns_a
D:5:      layout_loops_cross, nicolae_gozag_seed_capital, lemuel_tele_altar
D:6:      layout_loops_corners, nzn_hepliaklqana_mist_gate,
          nicolae_ossuary_entry_monument, sigmund_edmund_badplayer
D:7:      layout_basic, minmay_temple_entry_crystal_x
Temple:   jpeg_temple_clearing

Skill      XL: |  1  2  3  4  5  6  7  8  9 |
---------------+----------------------------+-----
Armour         | 4 5 6 7 |  7.4
Fighting       | 4 5 6 7 |  7.3
Shields        | 4 5 6 7 |  7.3
Maces & Flails | 3 4 5 6 |  6.2

Action                   |  1- 3 |  4- 6 |  7- 9 || total
-------------------------+-------+-------+-------++-------
Melee: Flail             |   146 |   145 |       ||   291
       Whip              |       |    19 |   675 ||   694
Throw: Dart              |       |    11 |    29 ||    40
Evoke: Wand              |       |       |     3 ||     3
  Use: Potion            |       |     5 |     5 ||    10
       Scroll            |       |       |     2 ||     2
Armor: Scale mail        |    80 |    89 |   378 ||   547
       Skin              |       |     1 |    18 ||    19
Dodge: Dodged            |    51 |    51 |   150 ||   252
Block: Kite shield       |    72 |    88 |   273 ||   433
